 Dungeon Crawl Stone Soup version 0.31-a0-37-g98a128e1d9 (webtiles) character file.

Game seed: 4360016416836691227

11116 billz999 the Fighter (level 12, -9/89 HPs)
             Began as a Djinni Ice Elementalist on May 15, 2023.
             Was a Believer of Makhleb.
             Mangled by a komodo dragon (25 damage)
             ... on level 1 of the Lair of Beasts.
             The game lasted 00:39:22 (13374 turns).

billz999 the Fighter (Djinni Ice Elementalist)     Turns: 13374, Time: 00:39:23

Health: -9/89      AC:  5    Str:  7    XL:     12   Next: 3%
Gold:   638        EV: 14    Int: 28    God:    Makhleb [**....] SH:  5 Dex: 14

rFire   + + .        a - +5 trident
rCold   x . .        G - +0 buckler
rNeg    . . .        U - +2 robe {Will+}
rPois   ∞            (no helmet)
rElec   .            L - +0 cloak
rCorr   .            (no gloves)
SInv    .            (boots unavailable)
Will    ++...        (no amulet)
Stlth   ++           K - +6 ring of intelligence
HPRegen 0.34/turn    d - ring of wizardry
MPRegen 0.00/turn

%: wizardry (x1), infuse magic (-10 HP)
@: freezing walls, immotile, flying
A: sickness immunity, fire resistance 2, cold vulnerability 1, float, innate
caster, HP casting, extra vitality 1
a: Renounce Religion, Minor Destruction


You were on level 1 of the Lair of Beasts.
You worshipped Makhleb.
Makhleb was pleased with you.
You visited 3 branches of the dungeon, and saw 12 of its levels.
You also visited: Gauntlet.

You collected 690 gold pieces.
You spent 52 gold pieces at shops.

Inventory:

Hand Weapons
 a - a +5 trident (weapon)
 y - the +0 spear "Qosyh" {venom, Fly rC+ Str+2 Int-2}
   (You found it in a Gauntlet)

   Str:       It affects your strength (+2).
   Int:       It affects your intelligence (-2).
   rC:        It protects you from cold.
   Fly:       It grants you flight.
 z - a +3 spear of flaming
Missiles
 k - 2 javelins
 p - 6 throwing nets
Armour
 G - a +0 buckler (worn)
 L - a +0 cloak (worn)
 U - a +2 robe of willpower (worn)
Magical Staves
 b - a staff of cold
Jewellery
 d - a ring of wizardry (right hand)
 t - a ring of willpower
 u - a ring of see invisible
 J - a ring of protection from cold
 K - a +6 ring of intelligence (left hand)
Wands
 C - a wand of charming (3)
 E - a wand of flame (34)
 M - a wand of light (10)
 R - a wand of iceblast (7)
Scrolls
 g - a scroll of torment
 j - a scroll of vulnerability
 m - 2 scrolls of fog
 n - a scroll of enchant weapon
 s - 3 scrolls of fear
 x - 2 scrolls of immolation
 A - 2 scrolls of enchant armour
 D - 2 scrolls of teleportation
 F - a scroll of noise
 I - a scroll of blinking
 N - a scroll of brand weapon {unknown}
 O - 2 scrolls of poison
 S - a scroll of silence {unknown}
 T - a scroll of amnesia {unknown}
Potions
 c - a potion of haste
 e - a potion of magic
 f - 7 potions of curing
 h - 3 potions of mutation {unknown}
 i - 2 potions of attraction {unknown}
 l - 2 potions of degeneration {unknown}
 o - 4 potions of lignification {unknown}
 q - 3 potions of might {unknown}
 r - 3 potions of cancellation {unknown}
 v - 3 potions of flight {unknown}
 w - 3 potions of brilliance {unknown}
 B - a potion of invisibility {unknown}


   Skills:
 - Level 9.3 Fighting
 + Level 8.8 Polearms
 - Level 6.2 Dodging
 - Level 1.5 Stealth
 - Level 4.0 Shields
 * Level 8.1 Spellcasting


You knew the following spells:

 Your Spells              Type           Power      Damage    Failure   Level
a - Freeze                Ice            100%       1d10      1%          1
b - Frozen Ramparts       Ice            100%       1d16      1%          3
c - Ozocubu's Armour      Ice            54%        N/A       1%          3
d - Summon Ice Beast      Ice/Summ       54%        N/A       1%          4
e - Slow                  Hex            100%       N/A       1%          1
f - Lesser Beckoning      Tloc           100%       N/A       1%          2
g - Momentum Strike       Conj/Tloc      100%       3d10      1%          2
h - Gell's Gravitas       Tloc           54%        N/A       1%          3
i - Agony                 Necr           54%        N/A       3%          5
Your spell library was empty.

Dungeon Overview and Level Annotations

Branches:
Dungeon (10/15)            Temple (1/1) D:7            Lair (1/5) D:9
Gauntlet (visited)
    Orc: D:9-12

Altars:
Ashenzari
Cheibriados
Dithmenos
Elyvilon
Fedhas
Gozag
Hepliaklqana
Makhleb
Nemelex Xobeh
Okawaru
Qazlal
Trog
Uskayaw
Wu Jian
Xom
Yredelemnul
Zin
The Shining One

Shops:
D:5 *

Annotations:
Lair:1 2 transporters


Innate Abilities, Weirdness & Mutations

You are immune to sickness and miasma.
You are immune to poison.
Your flesh is very heat resistant. (rF++)
You are vulnerable to cold. (rC-)
You float through the air rather than walking.
You learn spells naturally, not from books.
Your magical power is your life essence.
You have superior vitality. (+4 MHP)


Message History

The wall freezes the cane toad.
The cane toad seems to slow down.
The cane toad closely misses you.
You have reached level 12!
You feel clever.
You puncture the cane toad!
The cane toad is almost dead.
The wall freezes the cane toad!
You kill the cane toad!
Makhleb accepts your kill.
You feel better.
Unknown command.
Casting: Frozen Ramparts (safe; 1% risk of failure)
Confirm with . or Enter, or press ? or * to list all spells.
Aiming: Momentum Strike (safe; 1% risk of failure)
Press: ? - help, Dir - move target, f - komodo dragon
Aim: a komodo dragon (84% to hit)
The concentrated momentum hits the komodo dragon!
The komodo dragon is moderately wounded.
You are unable to move.
Unknown command.
Casting: Momentum Strike (safe; 1% risk of failure)
Confirm with . or Enter, or press ? or * to list all spells.
A chill wind blows around you.
The wall freezes the komodo dragon.
You barely miss the komodo dragon.
The komodo dragon is moderately wounded.
The wall freezes the komodo dragon.
The komodo dragon seems to slow down.
The komodo dragon bites you!!
* * * LOW HITPOINT WARNING * * *
Your ice beast hits the komodo dragon.
Your ice beast freezes the komodo dragon!
Casting: Summon Ice Beast (mildly dangerous; 1% risk of failure)
Confirm with . or Enter, or press ? or * to list all spells.
Aiming: Freeze (safe; 1% risk of failure)
Press: ? - help, Shift-Dir - straight line, f/p - komodo dragon
Aim: a komodo dragon (heavily wounded, slow, ally target)
You freeze the komodo dragon.
The komodo dragon is severely wounded.
* * * LOW HITPOINT WARNING * * *
The wall freezes the komodo dragon!
The komodo dragon bites you!!
You die...

## ##
##.##Y##.
.....†l.#
#@## #..#
#.## #.#
##.# #..#
##.## ##
### #..#
..
###.###.##


You could see a komodo dragon (slow, ally target) and a friendly ice beast
(summoned).

Vanquished Creatures
  Joseph (D:7)
  3 cane toads (Lair:1)
  3 komodo dragons (Lair:1)
  A nameless horror (D:6)
  A troll (D:9)
  A hornet (D:9)
  2 slime creatures (D:8)
  2 shadows
  2 wyverns
  A basilisk (Lair:1)
  7 yaks
  2 swamp worms (D:9)
  An acid dragon (D:10)
  2 water moccasins
  An ice beast (D:6)
  An orc warrior (D:9)
  A black bear (D:6)
  An ogre (D:5)
  7 wolves
  A centaur (D:8)
  A kobold brigand (D:9)
  3 bullfrogs
  A necrophage (D:7)
  A gnoll sergeant (D:6)
  5 scorpions
  A water moccasin zombie (D:7)
  3 wyvern zombies (D:7)
  11 wights
  6 killer bees (D:9)
  A howler monkey (D:9)
  A bullfrog zombie (D:7)
  A centaur zombie (D:7)
  5 hounds
  4 jellies
  Crazy Yiuf (D:6)
  3 orc priests
  A human zombie (D:7)
  2 gnoll boudas
  Jessica (D:3)
  4 iguanas
  5 orc wizards
  A killer bee zombie (D:7)
  23 gnolls
  7 adders
  2 worms
  2 dart slugs (D:2)
  24 orcs
  10 endoplasms
  5 giant cockroaches
  9 hobgoblins
  6 jackals (D:6)
  21 kobolds
  A quokka (D:2)
  8 ball pythons
  5 bats
  2 frilled lizards (D:1)
  10 goblins
  5 rats
243 creatures vanquished.

Vanquished Creatures (collateral kills)
  A cane toad (Lair:1)
  Maggie (D:7)
  A troll (D:10)
  3 yaks (D:10)
  A wyvern (D:9)
  A nameless horror (D:6)
  An ogre (D:6)
  A kobold brigand (D:8)
  2 gnoll sergeants (D:6)
  A scorpion (D:6)
  2 wights
  A hound (D:6)
  An orc priest (D:6)
  3 gnoll boudas (D:6)
  An iguana (D:6)
  5 orc wizards (D:10)
  A killer bee zombie (D:7)
  6 gnolls
  An adder (D:3)
  An ufetubus (D:6)
  6 orcs
  An endoplasm (D:3)
  A giant cockroach (D:3)
  A kobold (D:3)
  A butterfly (Lair:1)
45 creatures vanquished.

Grand Total: 288 creatures vanquished

Notes
Turn   | Place    | Note
-------+----------+-------------------------------------------
     0 | D:1      | billz999 the Djinni Ice Elementalist began the quest for
                  | the Orb.
     0 | D:1      | billz999 set off with the following spells memorised:
                  | Freeze, Frozen Ramparts, Ozocubu's Armour, Summon Ice
                  | Beast.
     0 | D:1      | Reached XP level 1. HP: 15/15 MP: 0/0
   122 | D:1      | Reached XP level 2. HP: 18/22 MP: 0/0
   224 | D:1      | Reached skill level 1 in Fighting
   677 | D:1      | Reached XP level 3. HP: 27/27 MP: 0/0
   677 | D:1      | Learned a level 1 spell: Slow
   741 | D:1      | Found a faded altar of an unknown god.
   932 | D:1      | Reached skill level 2 in Fighting
  1321 | D:2      | Reached XP level 4. HP: 30/34 MP: 0/0
  1847 | D:3      | Noticed Jessica
  1851 | D:3      | Killed Jessica
  1852 | D:3      | Reached skill level 3 in Fighting
  1852 | D:3      | Reached XP level 5. HP: 30/40 MP: 0/0
  1852 | D:3      | Learned a level 2 spell: Lesser Beckoning
  2423 | D:3      | Found a stormy altar of Qazlal.
  2703 | D:4      | Reached skill level 4 in Fighting
  2703 | D:4      | Reached XP level 6. HP: 40/47 MP: 0/0
  3030 | D:3      | Reached skill level 5 in Fighting
  3156 | D:4      | Reached XP level 7. HP: 38/54 MP: 0/0
  3156 | D:4      | Learned a level 2 spell: Momentum Strike
  3249 | D:4      | Found a blossoming altar of Fedhas.
  3659 | D:5      | Entered Level 5 of the Dungeon
  3715 | D:5      | Reached skill level 6 in Fighting
  3922 | D:5      | Reached skill level 1 in Polearms
  3922 | D:5      | Reached XP level 8. HP: 51/62 MP: 0/0
  4243 | D:5      | Found Sosu Ufu's General Store.
  4257 | D:5      | Bought a scroll of fear for 52 gold pieces
  4955 | D:6      | Reached skill level 5 in Polearms
  4984 | D:6      | Noticed a nameless horror
  4985 | D:6      | Noticed a nameless horror
  5194 | D:6      | Reached XP level 9. HP: 39/67 MP: 0/0
  5194 | D:6      | Learned a level 3 spell: Gell's Gravitas
  5805 | D:6      | Reached skill level 1 in Shields
  6329 | D:6      | Killed a nameless horror
  6456 | D:6      | Killed a nameless horror
  6720 | D:6      | Found a runed translucent door.
  6721 | D:6      | Noticed Crazy Yiuf
  6727 | D:6      | Killed Crazy Yiuf
  6829 | D:6      | Reached skill level 7 in Fighting
  7115 | D:7      | Found a staircase to the Ecumenical Temple.
  7167 | Temple   | Entered the Ecumenical Temple
  7206 | Temple   | Became a worshipper of Makhleb the Destroyer
  7400 | D:7      | Noticed Maggie
  7420 | D:7      | Killed Maggie
  7421 | D:7      | Reached XP level 10. HP: 61/76 MP: 0/0
  7481 | D:7      | Noticed Joseph
  7496 | D:7      | Killed Joseph
  7497 | D:7      | Reached skill level 8 in Fighting
  7497 | D:7      | Reached skill level 5 in Dodging
  7761 | D:7      | Found a basalt altar of Yredelemnul.
  8541 | D:7      | Found a bloodstained altar of Trog.
  8570 | D:7      | Found a white marble altar of Elyvilon.
  8690 | D:8      | Reached * piety under Makhleb
  8736 | D:8      | Reached skill level 9 in Fighting
  9698 | D:9      | Found a broken altar of Ashenzari.
  9801 | D:9      | Found a staircase to the Lair.
 10268 | D:9      | Reached skill level 5 in Spellcasting
 10353 | D:9      | Reached XP level 11. HP: 75/84 MP: 0/0
 10353 | D:9      | Learned a level 5 spell: Agony
 10457 | D:9      | Identified the +1 long sword of Vodka {speed, +Blink rElec}
 10970 | D:9      | Reached ** piety under Makhleb
 11243 | D:10     | Entered Level 10 of the Dungeon
 12005 | Lair:1   | Entered Level 1 of the Lair of Beasts
 12005 | Lair:1   | Found a gate leading to a gauntlet.
 12012 | Gauntlet | Entered a Gauntlet
 12012 | Gauntlet | Found a transporter.
 12012 | Gauntlet | Found a transporter.
 12016 | Gauntlet | Found a transporter.
 12016 | Gauntlet | Found a transporter.
 12017 | Gauntlet | Noticed a moth of wrath
 12021 | Gauntlet | Noticed a catoblepas
 12023 | Gauntlet | Noticed a death scarab
 12026 | Gauntlet | Found a transporter.
 12029 | Gauntlet | Noticed a catoblepas
 12036 | Gauntlet | Found a transporter.
 12036 | Gauntlet | Found a transporter.
 12038 | Gauntlet | Noticed an eight-headed hydra
 12060 | Gauntlet | Found a transporter.
 12067 | Gauntlet | Found a transporter.
 12079 | Gauntlet | Found a transporter.
 12097 | Gauntlet | Found a transporter.
 12107 | Gauntlet | Found a transporter.
 12153 | Gauntlet | Found a transporter.
 12169 | Gauntlet | Found a transporter.
 12269 | Gauntlet | Found a transporter.
 12287 | Gauntlet | Found a transporter.
 12537 | Gauntlet | Identified the +0 spear "Qosyh" {venom, Fly rC+ Str+2
                  | Int-2}
 12573 | Gauntlet | Found the +1 robe of Vines {NoPotionHeal Regen++++}
 12574 | Gauntlet | Noticed a minotaur
 12716 | Lair:1   | Found a transporter.
 13261 | Lair:1   | Found a transporter.
 13370 | Lair:1   | Reached XP level 12. HP: 46/89 MP: 0/0
 13374 | Lair:1   | Mangled by a komodo dragon

Illustrated notes

Levels and vault maps discovered:
D:1:      ldierk_walled_garden_2, layout_basic, chequers_ecumenical_altar_grove,
          hangedman_abyss_or_decor_lesser_grid
D:2:      minmay_angry_zag, layout_rooms
D:3:      layout_basic, nicolae_overflow_crystal_walls, serial_park_tiny_1,
          uniq_jessica
D:4:      layout_rooms, mainiacjoe_overflow_alcove_4, grunt_decor_junction,
          minmay_liquid_box
D:5:      layout_loops_ring, serial_shops, shop
D:6:      layout_cave_pools, serial_gnoll_camp, gnoll_camp_mini_basic,
          gnoll_camp_mini_hut, gnoll_camp_medium_02, gnoll_camp_mini_basic,
          gnoll_camp_mini_house, gnoll_camp_mini_house, uniq_crazy_yiuf_cottage
D:7:      layout_cave_pools, lemuel_mausoleum_altar_yredelemnul,
          mainiacjoe_overflow_two_lobes, minmay_temple_entry_purple_smoke,
          uniq_maggie, uniq_joseph
D:8:      layout_basic
D:9:      layout_roguey, mainiacjoe_overflow_concentric_impassable,
          dpeg_oklobed_lair, worms_lemuel
D:10:     layout_cave_pools
Temple:   nicolae_temple_elliptical
Lair:1:   gammafunk_worm_tunnel, layout_loops_ring, serial_forest,
          infiniplex_forest_clump_C, infiniplex_forest_lined_4_way,
          infiniplex_forest_clump_diagonal, infiniplex_forest_straight_4,
          infiniplex_forest_side_room, infiniplex_forest_straight_4,
          infiniplex_forest_side_room, infiniplex_forest_clump_large,
          gauntlet_entry_generic, lemuel_fruit_fields

Skill      XL: |  1  2  3  4  5  6  7  8  9 10 11 |
---------------+----------------------------------+-----
Fighting       | 1 2 3 4 5 6 7 9 |  9.3
Spellcasting   | 4 5 8 |  8.1
Polearms       | 1 5 6 7 8 |  8.8
Shields        | 4 |  4.0
Dodging        | 4 6 |  6.2
Stealth        | |  1.5

Action                     |  1- 3 |  4- 6 |  7- 9 | 10-12 || total
---------------------------+-------+-------+-------+-------++-------
  Melee: Dagger            |    16 |    21 |       |       ||    37
         Punch             |       |     1 |       |       ||     1
         Trident           |       |       |    59 |   255 ||   314
         Halberd           |       |       |    20 |       ||    20
         Spear             |       |       |     5 |       ||     5
   Cast: Freeze            |    46 |    48 |    41 |    18 ||   153
         Frozen Ramparts   |     3 |    14 |    52 |    47 ||   116
         Summon Ice Beast  |       |     1 |    23 |    30 ||    54
         Ozocubu's Armour  |       |     3 |    10 |    10 ||    23
         Momentum Strike   |       |       |    39 |    33 ||    72
         Slow              |       |       |     5 |       ||     5
         Gell's Gravitas   |       |       |     1 |     1 ||     2
  Evoke: Wand              |       |       |     5 |    11 ||    16
    Use: Scroll            |       |     2 |     7 |     6 ||    15
         Potion            |       |       |       |     5 ||     5
   Stab: Sleeping          |     3 |     6 |       |       ||     9
         Distracted        |       |       |     1 |     1 ||     2
 Armour: Robe              |     5 |    10 |    18 |    21 ||    54
  Dodge: Dodged            |    33 |    46 |    77 |   148 ||   304
  Block: Buckler           |       |       |     4 |    50 ||    54

Table legend: (Time is in decaauts)
 A = Elapsed time spent in this place.
 B = Non-inter-level travel time spent in this place.
 C = Inter-level travel time spent in this place.
 D = Time resting spent in this place.
 E = Time spent auto-exploring this place.
 F = Levels seen in this place.
 G = Mean time per level.
                   A        B        C        D        E       F      G
               +--------+--------+--------+--------+--------+-----+--------+
         Total |  13370 |  12980 |    390 |   2838 |   7979 |  13 | 1028.5 |
       Dungeon |  11941 |  11563 |    378 |   2588 |   7134 |  10 | 1194.1 |
        Temple |     80 |     69 |     11 |      0 |     50 |   1 |   80.0 |
          Lair |    781 |    781 |      0 |    154 |    513 |   1 |  781.0 |
      Gauntlet |    566 |    566 |      0 |     96 |    282 |   1 |  566.0 |
               +--------+--------+--------+--------+--------+-----+--------+

Top non-repeatable levels by time:
     D:6: 1777 daAuts
     D:7: 1666 daAuts
     D:9: 1615 daAuts
     D:5: 1495 daAuts
     D:1: 1084 daAuts
     D:3: 1051 daAuts
     D:8: 987 daAuts
     D:4: 847 daAuts
  Lair:1: 781 daAuts
    D:10: 738 daAuts
     D:2: 677 daAuts
Gauntlet: 566 daAuts
  Temple: 80 daAuts
